 Dungeon Sprint DCSS version 0.30-a0-347-gf58ed5266c (webtiles) character file.

Game seed: 8954137936438576218

9272 rocky1 the Phalangite (level 11, -13/89 HPs)
             Began as a Merfolk Gladiator on Nov 7, 2022.
             Was the Champion of Cheibriados.
             Killed from afar by a nagaraja (26 damage)
             ... with a poison arrow
             ... in the Dungeon (Sprint VII: "The Pits").
             The game lasted 00:07:14 (2509 turns).

rocky1 the Phalangite (Merfolk Gladiator)           Turns: 2509, Time: 00:07:15

Health: -13/89     AC: 15    Str: 35    XL:     11   Next: 43%
Magic:  12/17      EV: 21    Int: 27    God:    Cheibriados [******]
Gold:   0          SH:  0    Dex: 31    Spells: 10/10 levels left

rFire   . . .      SeeInvis .    t - +2 halberd (freeze)
rCold   . . .      Faith    .    (shield currently unavailable)
rNeg    . . .      Spirit   .    v - +4 chain mail
rPois   .          Reflect  .    c - +0 helmet
rElec   .          Harm     .    (no cloak)
rCorr   .          Rampage  .    (no gloves)
Will    .....      NoTele   +    (no boots)
Stlth   ++........               (no amulet)
HPRegen 0.34/turn                o - +3 ring of strength
MPRegen 0.15/turn                h - +3 ring of intelligence

@: lethally poisoned (-13 -> -28), studying Earth Magic, very slow
A: (nimble swimmer 2), mertail
a: Renounce Religion, Bend Time, Temporal Distortion, Slouch, Step From Time


You were in the Dungeon.
You worshipped Cheibriados.
Cheibriados was exalted by your worship.
You visited 1 branch

Inventory:

Hand Weapons
 p - a +0 lajatang
 t - a +2 halberd of freezing (weapon)
Missiles
 d - 3 throwing nets (quivered)
 e - a javelin
Armour
 a - a +3 scale mail
 b - a +0 leather armour
 c - a +0 helmet (worn)
 u - a +0 helmet
 v - a +4 chain mail (worn)
Jewellery
 h - a +3 ring of intelligence (right hand)
 o - a +3 ring of strength (left hand)
Scrolls
 k - a scroll of blinking
 m - 5 scrolls of amnesia
 n - a scroll of summoning
Potions
 f - 4 potions of heal wounds
 g - 5 potions of curing
 i - 3 potions of magic
 j - 2 potions of berserk rage
 l - 2 potions of invisibility
 q - a potion of brilliance
 r - a potion of might
 s - 2 potions of mutation


   Skills:
 - Level 9.2 Fighting
 * Level 26.2 Polearms
 - Level 2.1 Throwing
 - Level 6.1 Armour
 - Level 11.5 Dodging
 - Level 9.6 Stealth
 - Level 8.8 Invocations


You had 10 spell levels left.
You didn't know any spells.
Your spell library was empty.

Dungeon Overview and Level Annotations

Branches:
Dungeon (1/1)

Altars:
Ashenzari
Cheibriados
Dithmenos
Elyvilon
Fedhas
Gozag
Hepliaklqana
Kikubaaqudgha
Makhleb
Nemelex Xobeh
Okawaru
Qazlal
Ru
Sif Muna
Trog
Uskayaw
Vehumet
Wu Jian
Xom
Yredelemnul
Zin
The Shining One
Jiyva
Lugonu


Innate Abilities, Weirdness & Mutations

((You are very nimble when in or above water. (Stealth+, EV+, Speed+++)))
Your lower body shifts to a powerful aquatic tail in water.


Message History

The nagaraja spits poison at you. The splash of poison misses you.
Unknown command.
You feel very sick. The nagaraja spits poison at you.
The splash of poison hits you!
You are more poisoned.
You see here a bog body corpse.
You are too injured to fight recklessly!
Unknown command.
You feel very sick. The nagaraja casts a spell at you.
The poison arrow hits you!!
You are lethally poisoned!
* * * LOW HITPOINT WARNING * * *
The nagaraja gestures wildly while chanting.
The nagaraja seems to speed up.
You feel better. The nagaraja spits poison at you.
The splash of poison hits you.
You are poisoned.
* * * LOW HITPOINT WARNING * * *
Unknown command.
You feel much better.
You feel sick.
The nagaraja hits you from afar with a +0 halberd!
* * * LOW HITPOINT WARNING * * *
The nagaraja hits you from afar with a +0 halberd.
* * * LOW HITPOINT WARNING * * *
Unknown command.
You don't have enough magic at the moment.
Unknown command.
Magic courses through your body.
You feel sick. The nagaraja barely misses you.
Unknown command.
Activating: Slouch (2% risk of failure)
Press: ? - help, Dir - look around, f - activate You can feel time thicken for a moment.
You feel sick.
The nagaraja gestures at you while chanting.
The poison arrow hits you!!
You are lethally poisoned!
You die...

## ############ ### #
### ...........#
#..##....#
.....)......#..##.#.#.#
...#+######...##......#
####.##...##'##.#.#.#.#
.##...#...#.†)#.†.....#
..#...#...#...#.......#
..'...+.÷.÷†..'†@†N..)+
..#.†.#...#...#.......#
.##...#...#...#)).....#
####.##†..##'##.#.#.#.#
...#)######...##......#
...)))......#..##.#)#.#
..)††......###..##....#
############ ### # ###


You could see a nagaraja (fast).

Vanquished Creatures
  An apis (D)
  A boulder beetle (D)
  A shadow wraith (D)
  A bog body (D)
  An orc knight (D)
  A molten gargoyle (D)
  A cane toad (D)
  An ice devil (D)
  A freezing wraith (D)
  A wind drake (D)
  A tarantella (D)
  2 trolls (D)
  A polar bear (D)
  5 blink frogs (D)
  A snapping turtle (D)
  A shadow (D)
  A ynoxinul (D)
  A jumping spider (D)
  A water elemental (D)
  2 basilisks (D)
  2 fire bats (D)
  A redback (D)
  A warg (D)
  4 orc warriors (D)
  A swamp drake (D)
  A black bear (D)
  5 wolves (D)
  An ogre (D)
  Blork the orc (D)
  A necrophage (D)
  3 scorpions (D)
  7 killer bees (D)
  A quasit (D)
  3 orc priests (D)
  A gnoll bouda (D)
  2 orc wizards (D)
  A mummy (D)
  4 gnolls (D)
  A river rat (D)
  2 ufetubi (D)
  An adder skeleton (D)
  An adder zombie (D)
  A worm (D)
  4 orcs (D)
  A ball python (D)
  2 giant cockroaches (D)
  A hobgoblin (D)
  2 kobolds (D)
  A bat (D)
83 creatures vanquished.

Vanquished Creatures (others)
  Grum (D)
1 creature vanquished.

Grand Total: 84 creatures vanquished

Notes
Turn   | Place    | Note
-------+----------+-------------------------------------------
     0 | D        | rocky1 the Merfolk Gladiator began the quest for the Orb.
     0 | D        | Reached XP level 1. HP: 16/16 MP: 1/1
    20 | D        | Found a bloodstained altar of Trog.
    20 | D        | Found a shimmering blue altar of Sif Muna.
    20 | D        | Found a viscous altar of Jiyva.
    20 | D        | Found a hazy altar of Hepliaklqana.
    20 | D        | Found an opulent altar of Gozag.
    21 | D        | Found a glowing golden altar of the Shining One.
    21 | D        | Found a glowing silver altar of Zin.
    21 | D        | Found a basalt altar of Yredelemnul.
    21 | D        | Found a shimmering altar of Xom.
    21 | D        | Found an ornate altar of the Wu Jian Council.
    21 | D        | Found a sacrificial altar of Ru.
    21 | D        | Found a stormy altar of Qazlal.
    21 | D        | Found an iron altar of Okawaru.
    21 | D        | Found a sparkling altar of Nemelex Xobeh.
    21 | D        | Found a burning altar of Makhleb.
    21 | D        | Found a blossoming altar of Fedhas.
    21 | D        | Found a white marble altar of Elyvilon.
    21 | D        | Found a shadowy altar of Dithmenos.
    21 | D        | Found a snail-covered altar of Cheibriados.
    24 | D        | Found a corrupted altar of Lugonu.
    24 | D        | Found a radiant altar of Vehumet.
    25 | D        | Found an ancient bone altar of Kikubaaqudgha.
    25 | D        | Found a hide-covered altar of Uskayaw.
    25 | D        | Found a broken altar of Ashenzari.
    34 | D        | Became a worshipper of Cheibriados the Contemplative
    77 | D        | Reached * piety under Cheibriados
    78 | D        | Reached skill level 5 in Polearms
    78 | D        | Reached skill level 1 in Stealth
    78 | D        | Reached skill level 1 in Invocations
    78 | D        | Reached XP level 2. HP: 23/23 MP: 2/2
   192 | D        | Reached skill level 1 in Armour
   299 | D        | Noticed a scorpion
   303 | D        | Reached ** piety under Cheibriados
   304 | D        | Reached skill level 5 in Dodging
   310 | D        | Killed a scorpion
   311 | D        | Reached skill level 7 in Polearms
   311 | D        | Reached XP level 3. HP: 30/30 MP: 3/5
   311 | D        | Reached XP level 4. HP: 37/37 MP: 3/6
   349 | D        | Noticed a scorpion
   363 | D        | Killed a scorpion
   364 | D        | Reached skill level 8 in Polearms
   364 | D        | Reached XP level 5. HP: 20/43 MP: 7/7
   514 | D        | Noticed a wolf
   521 | D        | Reached *** piety under Cheibriados
   528 | D        | Reached skill level 5 in Fighting
   528 | D        | Reached skill level 9 in Polearms
   558 | D        | Killed a wolf
   558 | D        | Reached **** piety under Cheibriados
   559 | D        | Reached skill level 5 in Stealth
   559 | D        | Reached skill level 5 in Invocations
   559 | D        | Reached XP level 6. HP: 44/51 MP: 9/9
   560 | D        | Reached skill level 10 in Polearms
   584 | D        | Noticed a warg
   595 | D        | Killed a warg
   596 | D        | Reached XP level 7. HP: 47/59 MP: 9/11
   638 | D        | Reached ***** piety under Cheibriados
   647 | D        | Reached skill level 11 in Polearms
   690 | D        | Noticed Blork the orc
   708 | D        | Killed Blork the orc
   722 | D        | Noticed a troll
   722 | D        | Noticed a basilisk
   723 | D        | Reached ****** piety under Cheibriados
   724 | D        | Reached skill level 12 in Polearms
   726 | D        | Killed a troll
   726 | D        | Killed a basilisk
   727 | D        | Reached XP level 8. HP: 68/68 MP: 1/13
  1230 | D        | Noticed a snapping turtle
  1244 | D        | Killed a snapping turtle
  1245 | D        | Reached skill level 13 in Polearms
  1245 | D        | Reached skill level 5 in Armour
  1245 | D        | Reached skill level 10 in Dodging
  1582 | D        | Noticed a troll
  1583 | D        | Noticed a cane toad
  1583 | D        | Noticed a jumping spider
  1583 | D        | Noticed a molten gargoyle
  1595 | D        | Killed a troll
  1596 | D        | Reached skill level 14 in Polearms
  1596 | D        | Reached XP level 9. HP: 53/75 MP: 13/15
  1622 | D        | Killed a molten gargoyle
  1928 | D        | Killed a cane toad
  1929 | D        | Reached skill level 15 in Polearms
  2044 | D        | Noticed a boulder beetle
  2053 | D        | Reached skill level 16 in Polearms
  2058 | D        | Noticed an orc knight
  2061 | D        | Reached skill level 17 in Polearms
  2061 | D        | Killed a boulder beetle
  2062 | D        | Reached skill level 18 in Polearms
  2062 | D        | Reached XP level 10. HP: 70/83 MP: 1/16
  2062 | D        | Killed an orc knight
  2063 | D        | Reached skill level 19 in Polearms
  2195 | D        | Reached skill level 20 in Polearms
  2292 | D        | Reached skill level 21 in Polearms
  2296 | D        | Noticed an apis
  2297 | D        | Reached skill level 22 in Polearms
  2305 | D        | Killed an apis
  2306 | D        | Reached skill level 23 in Polearms
  2306 | D        | Reached XP level 11. HP: 59/89 MP: 7/17
  2306 | D        | Killed a shadow wraith
  2307 | D        | Reached skill level 24 in Polearms
  2437 | D        | Noticed Grum
  2454 | D        | Killed Grum
  2493 | D        | Noticed a bog body
  2494 | D        | Noticed a nagaraja
  2497 | D        | Reached skill level 25 in Polearms
  2497 | D        | Killed a bog body
  2502 | D        | Reached skill level 26 in Polearms
  2509 | D        | Killed from afar by a nagaraja

Illustrated notes

Levels and vault maps discovered:
D:        pitsprint [storerooms_1, entrance_room_1, metal_vault_1, armoury_2,
          mini_pit_1, grid_room_1, main_hall_1, silver_pit, the_coven_1,
          the_vestibule_1, steel_vault_3, golden_pit, hallway_of_sentries,
          crystal_vault_4, iron_vault_2, final_vault]

Skill      XL: |  1  2  3  4  5  6  7  8  9 10 11 |
---------------+----------------------------------+-----
Polearms       | 5 7 8 9 10 12 14 18 23 26 | 26.2
Stealth        | 1 3 4 5 6 7 8 9 |  9.6
Invocations    | 1 2 3 5 7 8 |  8.8
Fighting       | 3 4 5 6 7 8 9 |  9.2
Armour         | 1 2 3 4 5 6 |  6.1
Dodging        | 5 6 7 8 9 10 11 | 11.5
Throwing       | |  2.1

Action                   |  1- 3 |  4- 6 |  7- 9 | 10-12 || total
-------------------------+-------+-------+-------+-------++-------
Melee: Trident           |    23 |    42 |    27 |       ||    92
       Punch             |       |     1 |       |       ||     1
       Halberd           |       |       |    47 |    64 ||   111
Throw: Throwing net      |       |     1 |       |       ||     1
Invok: Slouch            |       |       |     5 |     7 ||    12
  Use: Potion            |     2 |     1 |     3 |     5 ||    11
 Stab: Sleeping          |     1 |       |     4 |     1 ||     6
       Held in net/web   |       |     1 |       |       ||     1
       Confused          |       |       |       |     1 ||     1
Armor: Leather armour    |     6 |     3 |       |       ||     9
       Scale mail        |       |     7 |     2 |       ||     9
       Chain mail        |       |       |    10 |     8 ||    18
Dodge: Dodged            |    14 |    22 |    42 |    56 ||   134

Table legend: (Time is in decaauts)
 A = Elapsed time spent in this place.
 B = Non-inter-level travel time spent in this place.
 C = Inter-level travel time spent in this place.
 D = Time resting spent in this place.
 E = Time spent auto-exploring this place.
 F = Levels seen in this place.
 G = Mean time per level.
                   A        B        C        D        E       F      G
               +--------+--------+--------+--------+--------+-----+--------+
         Total |   2759 |   2643 |    116 |   1844 |      0 |   1 | 2759.0 |
       Dungeon |   2759 |   2643 |    116 |   1844 |      0 |   1 | 2759.0 |
               +--------+--------+--------+--------+--------+-----+--------+

Top non-repeatable levels by time:
       D: 2759 daAuts
